 Dungeon Crawl Stone Soup version 0.16-a0-3943-gb4b81e6 (webtiles) character file.

50 Impoz the Conjurer (level 3, 0/26 HPs)
             Began as a Draconian Conjurer on Feb 8, 2015.
             Slain by Sigmund
             ... wielding a +0 scythe
              (10 damage)
             ... on level 2 of the Dungeon.
             The game lasted 00:08:05 (1345 turns).

Impoz the Conjurer (Draconian Conjurer)             Turns: 1345, Time: 00:08:06

Health: 0/26       AC:  5    Str: 10    XL:     3   Next: 55%
Magic:  4/7        EV: 12    Int: 16    God:
Gold:   62         SH:  0    Dex: 11    Spells: 2 memorised, 5 levels left

rFire  . . .     SeeInvis .     e - +2 dagger (elec)
rCold  . . .     Clarity  .     (armour unavailable)
rNeg   . . .     SustAb   .     (no shield)
rPois  .         Gourm    .     (helmet restricted)
rElec  .         Spirit   .     (no cloak)
rCorr  .         Warding  .     (no gloves)
rMut   .         Stasis   .     (no boots)
MR     .....                    (no amulet)
Stlth  +.........               (no ring)
                                (no ring)

@: confused, not resistant to hostile enchantments, very unstealthy
A: unfitting armour, cold-blooded, AC +5
a: no special abilities


You were on level 2 of the Dungeon.
You were hungry.

You visited 1 branch of the dungeon, and saw 2 of its levels.

You collected 62 gold pieces.

Inventory:

Hand weapons
 e - a +2 dagger of electrocution (weapon)
Magical devices
 h - a wand of fireball (5)
Scrolls
 a - a scroll of identify {unknown}
 d - a scroll of noise {unknown}
 f - a scroll of remove curse {unknown}
 i - a scroll of teleportation {unknown}
Books
 c - a book of Conjurations

   Spells                             Type                      Level
   a - Magic Dart                     Conjuration                  1
   b - Searing Ray                    Conjuration                  2
   c - Dazzling Spray                 Conjuration/Hexes            3
   d - Fulminant Prism                Conjuration/Hexes            4
   e - Iskenderun's Mystic Blast      Conjuration                  4
   f - Iskenderun's Battlesphere      Conjuration/Charms           5
Comestibles
 b - a bread ration
 g - 2 meat rations


   Skills:
 - Level 2.0 Dodging
 - Level 2.0 Stealth
 * Level 3.0 Spellcasting
 + Level 4.3 Conjurations


You had 5 spell levels left.
You knew the following spells:

 Your Spells              Type           Power        Failure   Level  Hunger
a - Magic Dart            Conj           ###.         3%          1    #......
b - Searing Ray           Conj           ###...       6%          2    ##.....


Dungeon Overview and Level Annotations

Branches:
Dungeon (2/15)

Altars:

Annotations:
D:2 Sigmund


Innate Abilities, Weirdness & Mutations

Your plain brown scales are hard (AC +5).
Your body does not fit into most forms of armour.
Your cold-blooded metabolism reacts poorly to cold.


Message History

The searing ray hits something.
You hear some strange, mumbled words.
Something tries to affect you, but you resist.
The puff of flame misses you.
Casting: Searing Ray
Confirm with . or Enter, or press ? or * to list all spells.
You can't see any susceptible monsters within range! (Use Z to cast anyway.)
Something barely misses you.
You hear some strange, mumbled words.
Something tries to affect you, but you resist.
You are confused.
Something hits you but does no damage.
You bump into the rock wall.
You hear some strange, mumbled words.
The puff of flame misses you.
You bump into the rock wall.
Something hits you!
You barely miss something.
You hear some strange, mumbled words.
The puff of flame hits you! Something hits you!
You die...

###########.#.#.#...#.#
..........#.#.#.#..<#.#
.....................>.
...........#.#.#.#...#..
.........#.#.#.#.#......
#########.#...#.#.#...###
#.......#.#...#.#....)...
#.#####{#.#...#.#.#######
#.......@.....#.#........
#############.#.#.#######
..#.#.# ... #.# ### #.#
... #.# .@. #.# #.# ..#
.[.


There were no monsters in sight!

Vanquished Creatures
  Ijyb (D:2)
  A giant gecko (D:1)
  An ooze (D:1)
  A giant cockroach (D:1)
  5 hobgoblins (D:1)
  A ball python (D:1)
  6 bats (D:1)
  2 giant newts (D:1)
  5 goblins (D:1)
  4 kobolds (D:1)
  3 rats (D:1)
30 creatures vanquished.

Notes
Turn   | Place    | Note
--------------------------------------------------------------
     0 | D:1      | Impoz, the Draconian Conjurer, began the quest for the Orb.
     0 | D:1      | Reached XP level 1. HP: 14/14 MP: 3/3
   278 | D:1      | Reached XP level 2. HP: 10/20 MP: 4/4
   901 | D:1      | Reached XP level 3. HP: 18/26 MP: 6/6
  1043 | D:2      | Noticed Sigmund
  1094 | D:2      | Noticed Ijyb
  1116 | D:2      | Killed Ijyb
  1124 | D:2      | Learned a level 2 spell: Searing Ray
  1345 | D:2      | Slain by Sigmund

Action                   || total
-------------------------++-------
Melee: Dagger            ||    90
       Unarmed           ||     2
 Cast: Magic Dart        ||    16
       Searing Ray       ||     1
 Stab: Sleeping          ||     2
  Eat: Chunk             ||     1
